 Dungeon Crawl Stone Soup version 0.22.1-1-ga44c0e5 (webtiles) character file.

244772 Torikoriko the Warrior (level 19, -1/183 HPs)
             Began as a Deep Dwarf Hunter on Oct 21, 2018.
             Was an Elder of Trog.
             Slain by a water moccasin (4 damage)
             ... while paralysed
             ... on level 4 of the Snake Pit on Oct 22, 2018.
             The game lasted 03:20:14 (31827 turns).

Torikoriko the Warrior (Deep Dwarf Hunter)         Turns: 31827, Time: 03:20:16

Health: -1/183     AC: 35    Str: 26    XL:     19   Next: 15%
Magic:  16/16      EV:  2    Int: 17    God:    Trog [****..]
Gold:   1671       SH:  0    Dex: 14    Spells: 18/18 levels left

rFire    + + +     SeeInvis +   b - +8 whip "Snakebite" {curare, rPois, !f}
rCold    . . .     Gourm    .   L - +2 shield of Resistance {rF+ rC+ MR+}
rNeg     + . .     Faith    +   k - +8 chain mail "Memnoxkeck" {rF+ rCorr Dex+4}
rPois    +         Spirit   .   c - +2 helmet {Int+3}
rElec    +         Reflect  .   P - +2 cloak {+Inv}
rCorr    +         Harm     .   N - +5 pair of gloves "Muih" {Str+6}
MR       +++++                  g - +2 pair of boots {Stlth+}
Stlth    +.........             o - amulet of faith
HPRegen  1.00/turn              S - ring of Hepliaklqana's Hatred {rElec rPois rF+ Dex-5}
MPRegen  0.15/turn              G - ring of Unub Fetz {rC- Int+2 Slay+5 SInv}

@: paralysed, lethally poisoned (-1 -> -12), berserk cooldown, fainting,
non-regenerating, slowed
A: damage resistance, heal wounds, dopey 1, frail 1, negative energy resistance
1, sense surroundings 3, no regeneration
}: 1/15 runes: serpentine
a: Heal Wounds, Berserk, Trog's Hand, Brothers in Arms, Renounce Religion, Evoke
Invisibility


You were on level 4 of the Snake Pit.
You worshipped Trog.
Trog was greatly pleased with you.
You were fainting.

You visited 5 branches of the dungeon, and saw 28 of its levels.
You also visited: Bailey and Volcano.

You collected 3116 gold pieces.
You spent 1445 gold pieces at shops.

Inventory:

Hand Weapons
 a - a +6 hand crossbow of flaming
 b - the +8 whip "Snakebite" (weapon) {curare, rPois, !f}
   (You found it on level 1 of the Lair of Beasts)

   It poisons the flesh of those it strikes.
   It protects you from poison.
 s - the +7 lajatang of Order {silver, rMut}
   (Trog gifted it to you on level 3 of the Snake Pit)

   It protects you from mutation.
 D - the +10 halberd of Xamas {holy, rF+ rC+ Int-5 Dex+2}
   (You found it on level 12 of the Dungeon)

   It has been blessed by the Shining One to cause great damage to the undead
   and demons.
   It affects your intelligence (-5).
   It affects your dexterity (+2).
   It protects you from fire.
   It protects you from cold.
Missiles
 d - 807 bolts
 w - 30 poisoned needles
 F - 2 throwing nets (quivered) {!f}
Armour
 c - a +2 helmet of intelligence (worn)
 g - a +2 pair of boots of stealth (worn)
 k - the +8 chain mail "Memnoxkeck" (worn) {rF+ rCorr Dex+4}
   (You found it on level 1 of the Lair of Beasts)

   It affects your dexterity (+4).
   It protects you from fire.
   It provides partial protection from all sources of acid and corrosion.
 L - the +2 shield of Resistance (worn) {rF+ rC+ MR+}
   (You found it on level 13 of the Dungeon)

   It protects you from fire.
   It protects you from cold.
   It affects your resistance to hostile enchantments.
 N - the +5 pair of gloves "Muih" (worn) {Str+6}
   (You found it on level 6 of the Lair of Beasts)

   It affects your strength (+6).
 P - a +2 cloak of invisibility (worn)
Jewellery
 l - an uncursed ring of protection from cold
 o - an amulet of faith (around neck)
 G - the ring of Unub Fetz (right hand) {rC- Int+2 Slay+5 SInv}
   (You found it on level 8 of the Dungeon)

   [ring of see invisible]

   It affects your intelligence (+2).
   It affects your accuracy and damage with ranged weapons and melee attacks
   (+5).
   It makes you vulnerable to cold.
   It lets you see invisible.
 S - the ring of Hepliaklqana's Hatred (left hand) {rElec rPois rF+ Dex-5}
   (You found it on level 5 of the Lair of Beasts)

   [ring of protection from fire]

   It affects your dexterity (-5).
   It protects you from fire.
   It insulates you from electricity.
   It protects you from poison.
 T - an uncursed ring of flight
 Z - an uncursed ring of positive energy
Wands
 v - a wand of scattershot (3)
 y - a wand of enslavement (13)
 z - a wand of iceblast (27)
 H - a wand of digging (32)
 J - a wand of polymorph (16)
 M - a wand of paralysis (23)
 O - a wand of disintegration (26)
 Q - a wand of acid (22)
 W - a wand of clouds (6)
 Y - a wand of random effects (23)
Scrolls
 e - 2 scrolls of identify
 h - a scroll of enchant weapon
 u - 13 scrolls of remove curse
 B - 9 scrolls of teleportation
 E - a scroll of fog
 U - 4 scrolls of blinking
 X - 2 scrolls of fear
Potions
 i - 2 potions of lignification
 n - 3 potions of resistance
 p - 5 potions of haste
 q - 2 potions of magic
 r - 5 potions of agility
 t - 5 potions of might
 x - 15 potions of curing
 A - 3 potions of mutation
 C - 9 potions of heal wounds
 I - 3 potions of invisibility
 K - 3 potions of cancellation
 R - a potion of berserk rage
 V - a potion of ambrosia
Miscellaneous
 j - a lamp of fire
Comestibles
 f - 50 rations


   Skills:
 + Level 20.6 Fighting
 - Level 12.0 Maces & Flails
 - Level 11.2 Crossbows
 - Level 8.4 Armour
 - Level 12.0 Dodging
 - Level 5.0 Stealth
 - Level 15.0 Shields
 - Level 12.0 Evocations


You had 18 spell levels left.
You didn't know any spells.
Your spell library was empty.

Dungeon Overview and Level Annotations

Branches:
Dungeon (15/15)            Temple (1/1) D:6            Lair (6/6) D:10
 Shoals (0/4) Lair:2        Snake (4/4) Lair:4        Slime (0/5) Lair:5
    Orc (2/2) D:11            Elf (0/3) Orc:2        Vaults (0/5) D:13
 Depths (0/5) D:15

Altars:
Ashenzari
Cheibriados
Dithmenos
Elyvilon
Fedhas
Gozag
Hepliaklqana
Kikubaaqudgha
Makhleb
Nemelex Xobeh
Okawaru
Qazlal
Ru
Sif Muna
Trog
Uskayaw
Vehumet
Wu Jian
Xom
Yredelemnul
Zin
The Shining One
Beogh
Jiyva

Shops:
D:6 ==(   D:12 *   Orc:2 }=*[   Snake:1 }=}   Snake:2 =(*(

Portals:
Trove: D:14 (give +5 demon blade)

Annotations:
D:3 2 transporters
D:6 3 runed doors, aMcNicky's ghost, novice GrAr
D:13 1 runed door
Lair:5 1 runed door


Innate Abilities, Weirdness & Mutations

You are resistant to damage.
You can heal yourself by infusing magical energy.
You resist negative energy. (rN+)
You passively map a large area around you.
You do not regenerate.
You are dopey. (Int -2)
You are frail. (-10% HP)


Message History

The water moccasin bites you.
* * * LOW HITPOINT WARNING * * *
The water moccasin bites you but does no damage.
The black mamba bites you.
The water moccasin bites you but does no damage. x2
* * * LOW HITPOINT WARNING * * *
You feel very sick. The black mamba bites you!
* * * LOW HITPOINT WARNING * * *
The water moccasin bites you.
* * * LOW HITPOINT WARNING * * *
The water moccasin bites you but does no damage. x3
The black mamba barely misses you.
The water moccasin bites you but does no damage. x2
* * * LOW HITPOINT WARNING * * *
You feel very sick.
The black mamba bites you but does no damage.
The water moccasin bites you but does no damage.
The water moccasin bites you!
You die...

.....#############..#............
.....#...........#..#............
.....#........}..#..#############
.....'...........#...............
.....#...........#...............
)....#...........#...########..##
.....#...........#...#......#..#.
.....##.._..'#####...#......#..#.
...............S@S...#......#..#.
.......?......#SSS#..#......#..#.
..............#SSS#..'......#..#'
..............#SSS#..#......#....
..............#'S'#..########....
..............#$..#..............
.............##...##..........[..
...))........#..($.#.............
....))##..#..#.....#.............


You could see a black mamba, 5 water moccasins, 4 adders and 2 ball pythons.

Vanquished Creatures
  Nikola (Snake:4)
  Rupert (D:14)
  Gastronok (Orc:1)
  Agnes (Snake:2)
  7 nagarajas
  A fire giant (D:15)
  An orc warlord (Orc:2)
  A red draconian (Volcano)
  Snorg (D:14)
  2 ettins (Orc:2)
  3 fire dragons
  Erolcha (D:9)
  2 ice dragons (D:13)
  6 hydras
  13 naga warriors
  Harold (D:8)
  21 anacondas
  3 centaur warriors
  A deep troll earth mage (D:11)
  2 tengu warriors (D:15)
  7 death yaks
  17 two-headed ogres
  14 shock serpents
  10 naga sharpshooters
  4 orc high priests (Orc:2)
  Nergalle (Orc:1)
  7 salamander mystics
  4 unseen horrors
  5 lindwurms
  5 orc knights
  2 deep elf magi
  9 naga ritualists
  Pikel (D:5)
  13 mana vipers
  4 orc sorcerers
  8 ugly things
  19 salamanders
  3 manticores
  A wolf spider (Lair:6)
  3 oklob plants
  7 cyclopes
  2 centaur zombies (D:14)
  6 elephants
  54 black mambas
  9 guardian serpents
  Maurice (D:8)
  17 naga magi
  2 molten gargoyles (Lair:5)
  2 torpor snails
  18 spiny frogs
  A gargoyle (D:12)
  3 rime drakes (Lair:6)
  A yaktaur (D:15)
  3 kobold demonologists
  An efreet (D:14)
  A komodo dragon (shapeshifter) (D:11)
  10 komodo dragons
  A tengu conjurer (D:15)
  A merfolk (shapeshifter) (D:13)
  A troll (shapeshifter) (D:13)
  3 meliai (D:13)
  8 trolls
  A queen bee (D:13)
  A polar bear (Lair:6)
  4 hornets
  2 merfolk (Lair:2)
  Prince Ribbit (D:8)
  A raiju (shapeshifter) (D:15)
  16 blink frogs
  10 hippogriffs
  3 slime creatures
  Sigmund (D:2)
  A centaur simulacrum (D:15)
  4 shadows
  3 redbacks (Lair:6)
  A wraith (D:14)
  16 wyverns
  4 hungry ghosts
  Eustachio (D:6)
  75 yaks
  A basilisk (shapeshifter) (D:13)
  9 basilisks
  7 vampire mosquitoes
  3 steam dragons
  4 wargs (Orc:2)
  28 nagas
  4 soldier ants
  3 acid dragons
  12 porcupines
  3 swamp drakes (Lair:6)
  An eye of draining (D:12)
  29 water moccasins
  6 sky beasts
  7 ice beasts
  51 orc warriors
  2 phantoms
  2 black bears
  A slave (D:4)
  14 ogres
  2 necrophages (D:11)
  12 wolves
  11 centaurs
  A boggart (D:11)
  16 crocodiles
  19 bullfrogs
  8 big kobolds
  A gnoll sergeant (D:9)
  Blork the orc (D:9)
  4 scorpions
  23 killer bees
  5 wights
  3 howler monkeys
  7 crimson imps
  A bullfrog zombie (D:8)
  4 quasits
  6 lava snakes
  6 hounds
  7 jellies
  3 bullfrog skeletons
  3 centaur skeletons
  A gnoll shaman (D:4)
  27 orc priests
  Terence (D:2)
  17 orc wizards
  3 hell rats (Lair:1)
  9 iguanas
  9 worker ants
  A hound zombie (D:5)
  3 hound skeletons
  A worker ant zombie (D:8)
  Robin (D:3)
  9 gnolls
  14 adders
  6 river rats (Lair:1)
  2 shadow imps
  An ooze (D:3)
  An adder zombie (D:9)
  An adder skeleton (D:4)
  2 worms
  2 dart slugs
  7 leopard geckos
  115 orcs
  4 ball pythons
  5 giant cockroaches
  13 hobgoblins
  28 kobolds
  7 quokkas
  8 bats
  6 frilled lizards
  12 goblins
  A jackal skeleton (D:5)
  2 quokka zombies (D:7)
  13 rats
1166 creatures vanquished.

Vanquished Creatures (collateral kills)
  An anaconda (Snake:4)
  A mana viper (Snake:4)
  A guardian serpent (Snake:4)
3 creatures vanquished.

Vanquished Creatures (others)
  A swamp dragon (Lair:6)
  A lindwurm (Snake:4)
  A mana viper (Snake:4)
  A naga (Snake:4)
  2 wyvern zombies (D:11)
  3 orcs
  7 fungi
  12 plants
28 creatures vanquished.

Grand Total: 1197 creatures vanquished

Notes
Turn   | Place    | Note
-------+----------+-------------------------------------------
     0 | D:1      | Torikoriko the Deep Dwarf Hunter began the quest for the
                  | Orb.
     0 | D:1      | Reached XP level 1. HP: 19/19 MP: 1/1
   147 | D:1      | Reached XP level 2. HP: 26/26 MP: 2/2
   248 | D:1      | Found a sparkling altar of Nemelex Xobeh.
   291 | D:1      | Reached skill level 2 in Fighting
   750 | D:2      | Reached XP level 3. HP: 27/32 MP: 3/3
   909 | D:2      | Noticed Sigmund
   951 | D:2      | Found an opulent altar of Gozag.
  1051 | D:2      | Noticed Terence
  1066 | D:2      | Killed Terence
  1066 | D:2      | Reached skill level 5 in Crossbows
  1066 | D:2      | Reached XP level 4. HP: 22/39 MP: 4/4
  1234 | D:2      | Killed Sigmund
  1234 | D:2      | Reached skill level 5 in Stealth
  1234 | D:2      | Reached XP level 5. HP: 23/48 MP: 5/5
  1323 | D:2      | Reached skill level 3 in Fighting
  1897 | D:3      | Reached skill level 1 in Armour
  1897 | D:3      | Reached XP level 6. HP: 22/56 MP: 6/6
  2128 | D:3      | Found a transporter.
  2200 | D:3      | Found a transporter.
  2270 | D:3      | Noticed Robin
  2282 | D:3      | Killed Robin
  2870 | D:4      | Reached XP level 7. HP: 35/63 MP: 6/6
  3171 | D:4      | Reached skill level 4 in Fighting
  3218 | D:4      | Noticed a two-headed ogre
  3225 | D:4      | Killed a two-headed ogre
  3225 | D:4      | Reached XP level 8. HP: 28/73 MP: 7/7
  3318 | D:4      | Reached skill level 5 in Fighting
  3614 | D:5      | Entered Level 5 of the Dungeon
  3780 | D:5      | Reached skill level 5 in Dodging
  4471 | D:5      | Noticed Pikel
  4482 | D:5      | Killed Pikel
  4482 | D:5      | Reached skill level 6 in Fighting
  4482 | D:5      | Gained mutation: You passively map the area around you.
                  | [Deep Dwarf growth]
  4482 | D:5      | Reached XP level 9. HP: 35/82 MP: 6/6
  4921 | D:6      | Found a staircase to the Ecumenical Temple.
  4931 | Temple   | Entered the Ecumenical Temple
  4976 | Temple   | Became a worshipper of Trog the Wrathful
  5158 | D:6      | Found Dud Hoa's Jewellery Shoppe.
  5186 | D:6      | Found Kahul's Antique Weapon Shoppe.
  5220 | D:6      | Bought a crude flail for 238 gold pieces
  5220 | D:6      | Bought a blowgun for 70 gold pieces
  5222 | D:6      | Identified the +1 flail "Giuqemyvu" {venom, MR+ Str+5 Int-3
                  | Dex+3} (You bought it in a shop on level 6 of the Dungeon)
  5386 | D:6      | Found a runed gate.
  5386 | D:6      | Found a runed gate.
  5386 | D:6      | Found a runed gate.
  5414 | D:6      | Noticed aMcNicky's ghost (novice GrAr)
  5469 | D:6      | Found Liatwine's Jewellery Shoppe.
  5606 | D:6      | Noticed Eustachio
  5618 | D:6      | Killed Eustachio
  6096 | D:7      | Noticed a manticore
  6103 | D:7      | Noticed an eight-headed hydra
  6127 | D:7      | Killed an eight-headed hydra
  6127 | D:7      | Reached skill level 7 in Fighting
  6135 | D:7      | Killed a manticore
  6135 | D:7      | Reached XP level 10. HP: 21/94 MP: 2/2
  6157 | D:7      | Reached * piety under Trog
  6184 | D:7      | Reached skill level 10 in Crossbows
  6187 | D:7      | Reached skill level 1 in Evocations
  7172 | D:8      | Found the +10 Black Knight's horse barding {ponderous,
                  | rPois rN+}
  7280 | D:8      | Reached skill level 8 in Fighting
  7310 | D:8      | Noticed Harold
  7324 | D:8      | Killed Harold
  7475 | D:8      | Got a brightly glowing steel ring
  7490 | D:8      | Identified the ring of Unub Fetz {rC- Int+2 Slay+5 SInv}
                  | (You found it on level 8 of the Dungeon)
  7575 | D:8      | Noticed Maurice
  7589 | D:8      | Killed Maurice
  7589 | D:8      | Reached skill level 5 in Evocations
  7648 | D:8      | Reached ** piety under Trog
  7652 | D:8      | Paralysed by a hornet for 2 turns
  7903 | D:8      | Noticed a deep elf mage
  7919 | D:8      | Killed a deep elf mage
  7919 | D:8      | Reached skill level 9 in Fighting
  7919 | D:8      | Reached skill level 1 in Maces & Flails
  7961 | D:8      | Reached XP level 11. HP: 38/106 MP: 5/5
  8080 | D:8      | Noticed Prince Ribbit
  8088 | D:8      | Killed Prince Ribbit
  8329 | D:9      | Found a basalt altar of Yredelemnul.
  8434 | D:9      | Noticed Erolcha
  8448 | D:9      | Killed Erolcha
  8733 | D:9      | Reached skill level 5 in Armour
  8830 | D:9      | Noticed Blork the orc
  8845 | D:9      | Killed Blork the orc
  9066 | D:10     | Entered Level 10 of the Dungeon
  9538 | D:10     | Noticed a two-headed ogre
  9566 | D:10     | Killed a two-headed ogre
  9787 | D:10     | Found a staircase to the Lair.
 10211 | D:11     | Reached skill level 10 in Fighting
 10388 | D:11     | Reached skill level 5 in Maces & Flails
 10416 | D:11     | Found a staircase to the Orcish Mines.
 10523 | D:11     | Noticed a deep elf mage
 10524 | D:11     | Noticed a deep troll earth mage
 10527 | D:11     | Noticed an unseen horror
 10548 | D:11     | Killed an unseen horror
 10555 | D:11     | Reached XP level 12. HP: 70/116 MP: 8/8
 10571 | D:11     | Reached skill level 10 in Evocations
 10624 | D:11     | Killed a deep troll earth mage
 10805 | D:12     | Found a flagged portal.
 10815 | Bailey   | Entered a bailey
 11471 | D:12     | Got a fine halberd
 11473 | D:12     | Got a faintly glowing halberd
 11476 | D:12     | Identified the +5 halberd "Fyenaipu" {venom, Stlth+} (You
                  | found it on level 12 of the Dungeon)
 11477 | D:12     | Identified the +10 halberd of Xamas {holy, rF+ rC+ Int-5
                  | Dex+2} (You found it on level 12 of the Dungeon)
 11676 | D:12     | Found Tinydur's Assorted Antiques.
 11698 | D:12     | Bought a scroll of identify for 50 gold pieces
 11877 | D:12     | Reached skill level 10 in Dodging
 12032 | D:12     | Noticed a two-headed ogre
 12040 | D:12     | Killed a two-headed ogre
 12057 | D:12     | Noticed a six-headed hydra
 12090 | D:12     | Killed a six-headed hydra
 12090 | D:12     | Reached skill level 11 in Fighting
 12422 | D:10     | Identified a scroll of acquirement
 12441 | Lair:1   | Entered Level 1 of the Lair of Beasts
 12974 | Lair:1   | Reached XP level 13. HP: 66/127 MP: 10/10
 13020 | Lair:1   | Reached *** piety under Trog
 13285 | Lair:1   | Got an encrusted chain mail
 13296 | Lair:1   | Identified the +8 chain mail "Memnoxkeck" {rF+ rCorr Dex+4}
                  | (You found it on level 1 of the Lair of Beasts)
 13394 | Lair:1   | Found the +8 whip "Snakebite" {curare, rPois}
 14516 | Lair:2   | Found a staircase to the Shoals.
 14683 | D:12     | Bought a runed shield for 187 gold pieces
 14866 | Lair:3   | Reached skill level 1 in Shields
 15177 | Lair:3   | Found a hide-covered altar of Uskayaw.
 15201 | Lair:3   | Reached skill level 12 in Fighting
 15666 | Lair:4   | Found a dark tunnel.
 15682 | Volcano  | Entered a volcano
 15710 | Volcano  | Reached skill level 5 in Shields
 15714 | Volcano  | Found a burning altar of Makhleb.
 15715 | Volcano  | Noticed a red draconian
 15748 | Volcano  | Killed a red draconian
 15964 | Lair:4   | Found a staircase to the Snake Pit.
 16229 | Lair:4   | Gained mutation: You resist negative energy. (rN+) [Deep
                  | Dwarf growth]
 16229 | Lair:4   | Reached XP level 14. HP: 78/139 MP: 12/12
 16378 | Lair:4   | Gained mutation: You are dopey. (Int -2) [mutagenic glow]
 17187 | Lair:5   | Found a runed door.
 17191 | Lair:5   | Found a viscous altar of Jiyva.
 17195 | Lair:5   | Found a staircase to the Slime Pits.
 17259 | Lair:5   | Received a gift from Trog
 17299 | Lair:5   | Got a glittering silver ring
 17305 | Lair:5   | Identified the ring of Hepliaklqana's Hatred {rElec rPois
                  | rF+ Dex-5} (You found it on level 5 of the Lair of Beasts)
 18086 | Lair:6   | Entered Level 6 of the Lair of Beasts
 18183 | Lair:6   | Reached skill level 10 in Shields
 18189 | Lair:6   | Received a gift from Trog
 18191 | Lair:6   | Reached skill level 13 in Fighting
 18560 | Lair:6   | Reached skill level 10 in Maces & Flails
 18572 | Lair:6   | Received a gift from Trog
 18973 | Lair:6   | Reached **** piety under Trog
 19109 | Lair:6   | Got a pair of warped gloves
 19120 | Lair:6   | Identified the +5 pair of gloves "Muih" {Str+6} (You found
                  | it on level 6 of the Lair of Beasts)
 19521 | Lair:6   | Reached XP level 15. HP: 106/150 MP: 13/13
 20137 | Orc:1    | Entered Level 1 of the Orcish Mines
 20245 | Orc:1    | Noticed Gastronok
 20248 | Orc:1    | Noticed Nergalle
 20259 | Orc:1    | Killed Nergalle
 20259 | Orc:1    | Received a gift from Trog
 20304 | Orc:1    | Gained mutation: You are frail. (-10% HP) [mutagenic glow]
 20305 | Orc:1    | Killed Gastronok
 20446 | Orc:1    | Reached skill level 14 in Fighting
 20570 | Orc:2    | Entered Level 2 of the Orcish Mines
 20807 | Orc:2    | Reached ***** piety under Trog
 20951 | Orc:2    | Found a roughly hewn altar of Beogh.
 21007 | Orc:2    | Received a gift from Trog
 21325 | Orc:2    | Received a gift from Trog
 21464 | Orc:2    | Noticed an orc warlord
 21492 | Orc:2    | Killed an orc warlord
 21502 | Orc:2    | Found a roughly hewn altar of Beogh.
 21783 | Orc:2    | Found Tuulusch's General Store.
 21932 | Orc:2    | Received a gift from Trog
 21935 | Orc:2    | Found Xivodej's Antique Armour Boutique.
 22120 | Orc:2    | Found a staircase to the Elven Halls.
 22345 | Orc:2    | Found Konaesmu's Gadget Boutique.
 22390 | Orc:2    | Found Kuown's Jewellery Shop.
 22899 | D:6      | Bought an uncursed amulet of faith for 520 gold pieces
 23174 | D:13     | Found a gate to the Vaults.
 23548 | D:13     | Received a gift from Trog
 23630 | D:13     | Found a runed door.
 23656 | D:13     | Found the +2 shield of Resistance {rF+ rC+ MR+}
 23665 | D:13     | Found a runed door.
 23737 | D:13     | Reached skill level 15 in Fighting
 23765 | D:13     | Reached XP level 16. HP: 143/146 MP: 14/14
 24136 | D:14     | Noticed Snorg
 24165 | D:14     | Killed Snorg
 24165 | D:14     | Received a gift from Trog
 24281 | D:14     | Reached skill level 15 in Shields
 24289 | D:14     | Received a gift from Trog
 24399 | D:14     | Found a shadowy altar of Dithmenos.
 24505 | D:14     | Found the +18 shield of the Gong {rElec rN+ MR+ EV-5}
 24515 | D:14     | Received a gift from Trog
 24576 | D:14     | Noticed Rupert
 24589 | D:14     | Killed Rupert
 24895 | D:14     | Found a portal to a secret trove of treasure.
 25108 | D:15     | Entered Level 15 of the Dungeon
 25168 | D:15     | Reached skill level 16 in Fighting
 25329 | D:15     | Found a staircase to the Depths.
 26139 | Snake:1  | Entered Level 1 of the Snake Pit
 26358 | Snake:1  | Received a gift from Trog
 26578 | Snake:1  | Found Kacu's Gadget Boutique.
 26578 | Snake:1  | Found Mujodig's Jewellery Shoppe.
 26579 | Snake:1  | Found Xeaclaz's Gadget Boutique.
 26669 | Snake:1  | Reached skill level 17 in Fighting
 27432 | Snake:2  | Received a gift from Trog
 27576 | Snake:2  | Noticed Agnes
 27580 | Snake:2  | Found Genouwir's Jewellery Boutique.
 27594 | Snake:2  | Killed Agnes
 27635 | Snake:2  | Found Yllex's Assorted Antiques.
 27635 | Snake:2  | Found Zymaovo's Weapon Boutique.
 27661 | Snake:2  | Found Wuedd's Antique Weapon Shop.
 27715 | Snake:2  | Bought a scroll of blinking for 300 gold pieces
 27715 | Snake:2  | Bought a scroll of identify for 80 gold pieces
 27753 | Snake:2  | Found a white marble altar of Elyvilon.
 27831 | Snake:2  | Reached XP level 17. HP: 154/160 MP: 14/14
 27890 | Snake:2  | Gained mutation: You passively map a large area around you.
                  | [Deep Dwarf growth]
 27890 | Snake:2  | Reached XP level 18. HP: 162/168 MP: 15/15
 28243 | Snake:2  | Reached skill level 18 in Fighting
 29065 | Snake:3  | Received a gift from Trog
 29066 | Snake:3  | Found the +7 lajatang of Order {silver, rMut}
 29770 | Snake:4  | Entered Level 4 of the Snake Pit
 29770 | Snake:4  | Noticed Nikola
 29887 | Snake:4  | Killed Nikola
 29926 | Snake:4  | Got a pair of encrusted gloves
 29952 | Snake:4  | Found a burning altar of Makhleb.
 29987 | Snake:3  | Identified the +2 pair of gloves of Vehumet's Regard {*Slow
                  | Regen+ MP+9 Int+8} (You took it off Nikola on level 4 of
                  | the Snake Pit)
 30100 | Snake:4  | Reached skill level 19 in Fighting
 30137 | Snake:4  | Found a runed gate.
 30137 | Snake:4  | Found a runed gate.
 30137 | Snake:4  | Found a runed gate.
 30389 | Snake:4  | Received a gift from Trog
 30706 | Snake:4  | Received a gift from Trog
 31190 | Snake:4  | Reached skill level 20 in Fighting
 31271 | Snake:4  | Received a gift from Trog
 31341 | Snake:4  | Reached XP level 19. HP: 167/181 MP: 3/16
 31539 | Snake:4  | Got a serpentine rune of Zot
 31791 | Snake:4  | Received a gift from Trog
 31816 | Snake:4  | Paralysed by fainting for 12 turns
 31826 | Snake:4  | HP: 6/183 [black mamba (7)]
 31827 | Snake:4  | Slain by a water moccasin

Skill      XL: |  1  2  3  4  5  6  7  8  9 10 11 12 13 14 15 16 17 18 |
---------------+-------------------------------------------------------+-----
Stealth        | 2 3 5 |  5.0
Fighting       | 2 3 4 6 7 9 10 11 12 13 15 17 20 | 20.6
Crossbows      | 5 6 7 8 9 10 11 | 11.2
Armour         | 1 2 4 6 8 |  8.4
Dodging        | 4 6 8 9 10 12 | 12.0
Evocations     | 6 9 11 12 | 12.0
Maces & Flails | 1 5 6 8 11 12 | 12.0
Shields        | 7 10 14 15 | 15.0

Action                   |  1- 3 |  4- 6 |  7- 9 | 10-12 | 13-15 | 16-18 | 19-21 || total
-------------------------+-------+-------+-------+-------+-------+-------+-------++-------
Melee: Short sword       |    37 |       |       |       |       |       |       ||    37
       Dagger            |    49 |   160 |   286 |       |       |       |       ||   495
       Flail             |       |       |    47 |   709 |    88 |       |       ||   844
       Whip              |       |       |       |       |  1485 |  1415 |   142 ||  3042
 Fire: Hand crossbow     |    13 |    27 |    59 |   197 |   273 |   164 |       ||   733
       Blowgun           |       |       |       |    10 |       |       |       ||    10
Invok: Trog's Hand       |       |       |       |    38 |    50 |    29 |     6 ||   123
       Berserk           |       |       |       |     7 |     7 |     7 |     1 ||    22
       Brothers in Arms  |       |       |       |       |       |     1 |     1 ||     2
 Abil: Heal Wounds       |       |     2 |    13 |    10 |       |     1 |     1 ||    27
       Evoke Invisibilit |       |       |       |     4 |    22 |     3 |       ||    29
       Evoke Flight      |       |       |       |     2 |       |       |       ||     2
Evoke: Wand              |       |       |     4 |     1 |     3 |     5 |       ||    13
  Use: Scroll            |       |     6 |     4 |    12 |     5 |     5 |       ||    32
       Potion            |       |       |       |       |       |     1 |       ||     1
 Stab: Sleeping          |     3 |       |       |     8 |     3 |       |       ||    14
       Invisible         |       |       |       |     9 |   104 |     7 |       ||   120
  Eat: Chunk             |       |     6 |     7 |    51 |    57 |    31 |     1 ||   153
       Ration            |       |       |     1 |       |     3 |     4 |     1 ||     9
Armor: Leather armour    |    35 |       |       |       |       |       |       ||    35
       Chain mail        |       |    94 |   238 |   145 |   363 |   368 |   178 ||  1386
       Ring mail         |       |       |       |   196 |    10 |       |       ||   206
Dodge: Dodged            |    61 |    58 |   173 |   654 |   588 |   374 |   114 ||  2022
Block: Buckler           |       |    21 |    56 |    49 |       |       |       ||   126
       Shield            |       |       |       |   279 |   826 |   859 |   211 ||  2175
